 Dungeon Crawl Stone Soup version 0.26-a0-639-g72c4674329 (webtiles) character file.

Game seed: 17080403750516898331

(classic levelgen) 39 EnegeticOcto the Covered (level 3, 23/34 HPs)
             Began as a Deep Dwarf Fighter on Sept 28, 2020.
             Quit the game on level 3 of the Dungeon.
             The game lasted 00:00:17 (701 turns).

EnegeticOcto the Covered (Deep Dwarf Fighter)        Turns: 701, Time: 00:00:18

Health: 23/34      AC:  6    Str: 20    XL:     3   Next: 28%
Magic:  3/3        EV:  7    Int:  8    God:
Gold:   43         SH:  9    Dex: 12    Spells: 2/2 levels left

rFire    . . .     SeeInvis .   a - +0 war axe
rCold    . . .     Faith    .   c - +0 kite shield
rNeg     . . .     Spirit   .   b - +0 scale mail
rPois    .         Reflect  .   (no helmet)
rElec    .         Harm     .   (no cloak)
rCorr    .         Rampage  .   (no gloves)
MR       .....                  (no boots)
Stlth    ..........             (no amulet)
HPRegen  0.00/turn              (no ring)
MPRegen  0.08/turn              (no ring)

@: non-regenerating
A: damage resistance, heal wounds, sense surroundings 1, no regeneration
a: Heal Wounds


You were on level 3 of the Dungeon.
You visited 1 branch of the dungeon, and saw 3 of its levels.

You collected 43 gold pieces.

Inventory:

Hand Weapons
 a - a +0 war axe (weapon)
Armour
 b - a +0 scale mail (worn)
 c - a +0 kite shield (worn)
Jewellery
 j - an uncursed amulet of the acrobat {unknown}
Scrolls
 e - a scroll of identify {unknown}
 i - a scroll of random uselessness {unknown}
 k - a scroll of enchant weapon {unknown}
 l - a scroll of magic mapping {unknown}
Potions
 d - a potion of might {@q3}
 f - 3 potions of heal wounds {unknown}
 g - a potion of curing {unknown}
 h - 2 potions of haste {unknown}


   Skills:
 + Level 3.0 Fighting
 * Level 3.1 Axes
 + Level 3.6 Armour
 + Level 3.6 Shields


You had 2 spell levels left.
You didn't know any spells.
Your spell library was empty.

Dungeon Overview and Level Annotations

Branches:
Dungeon (3/15)

Altars:


Innate Abilities, Weirdness & Mutations

You are resistant to damage.
You can heal yourself by infusing magical energy.
You passively map a small area around you.
You do not regenerate.


Message History

You now have 29 gold pieces (gained 14).
You see here a dart slug corpse.
You see here a spear.
You see here a rat skeleton.
You see here a frilled lizard skeleton.
There is a stone staircase leading up here.
A rat comes into view.
Found 26 bolts.
A rat is nearby!
A rat is nearby!
A rat is nearby!
You hit the rat.
You kill the rat!
No target in view!
No target in view!
No target in view!
No target in view!
A hobgoblin comes into view.
The hobgoblin shouts!
A hobgoblin is nearby!
A hobgoblin is nearby!
The hobgoblin hits you but does no damage.
You closely miss the hobgoblin.
The hobgoblin hits you but does no damage.
You closely miss the hobgoblin. You block the hobgoblin's attack.
The hobgoblin hits you but does no damage.
You hit the hobgoblin.
The hobgoblin is heavily wounded.
The hobgoblin hits you.
You closely miss the hobgoblin.
The hobgoblin is heavily wounded.
You block the hobgoblin's attack. The hobgoblin hits you.
You hit the hobgoblin.
You kill the hobgoblin!
Your Fighting skill increases to level 3!
No target in view!
No target in view!
No target in view!
No target in view!
No target in view!
You see here a frilled lizard skeleton.
You see here a hunting sling.
l - a scroll labeled WOEMUE TOAPS
There is a stone staircase leading up here.
You see here 2 stones.
You now have 43 gold pieces (gained 14).
Found an escape hatch in the floor.
No target in view!
A rat comes into view.
A rat is nearby!
You block the rat's attack.
There is an escape hatch in the floor here.
You hit the rat.
You kill the rat!
No target in view!
No target in view!
No target in view!
No target in view!
No target in view!
No target in view!
You see here a rat corpse.
You see here a rat corpse.
There is an escape hatch in the floor here.
Done exploring.
Done exploring.
Done exploring.
Done exploring.
No target in view!
No target in view!
No target in view!
No target in view!
No target in view!
No target in view!
No target in view!
No target in view!
Done exploring.
Done exploring.
(D) Dungeon
Where to? (Enter - D:2, ? - help)
There is a stone staircase leading down here.
You climb downwards.
There is a stone staircase leading up here.
An ooze comes into view.
An ooze is nearby!
An ooze is nearby!
An ooze is nearby!
The ooze completely misses you.
You slash the ooze!
The ooze is almost dead.
The ooze barely misses you.
You slash the ooze!
You kill the ooze!
No target in view!
No target in view!
No target in view!
No target in view!
No target in view!
No target in view!
No target in view!
Are you sure you want to abandon this character and quit the game? (Confirm with "yes".)

* #.# *
##,,#.#
,.. #.# *
#. #.#
#..#.#
#..#.####
#.......#
#.##.#.##
# #@#.# ,
#.#,# #.#
* *,*#.#
, * * **
... ### *
*


There were no monsters in sight!

Vanquished Creatures
  An adder (D:2)
  An ooze (D:3)
  A worm (D:2)
  3 dart slugs (D:2)
  A leopard gecko (D:2)
  A giant cockroach (D:2)
  3 hobgoblins (D:2)
  A kobold (D:2)
  3 frilled lizards
  4 rats (D:2)
19 creatures vanquished.

Notes
Turn   | Place    | Note
-------+----------+-------------------------------------------
     0 | D:1      | EnegeticOcto the Deep Dwarf Fighter began the quest for the
                  | Orb.
     0 | D:1      | Reached XP level 1. HP: 20/20 MP: 1/1
    61 | D:2      | Reached XP level 2. HP: 27/27 MP: 2/2
   336 | D:2      | Reached XP level 3. HP: 23/33 MP: 3/3
   701 | D:3      | Quit the game

Illustrated notes

Levels and vault maps discovered:
D:1:      lightli_arrival_isolated_outpost, layout_basic
D:2:      layout_loops_ring
D:3:      layout_basic, old_standard_altar

Skill      XL: |  1  2  3 |
---------------+----------+-----
Axes           | 3 |  3.1
Fighting       | 3 |  3.0
Armour         | |  3.6
Shields        | |  3.6

Action                   || total
-------------------------++-------
Melee: War axe           ||    56
Armor: Scale mail        ||    20
Dodge: Dodged            ||    13
Block: Kite shield       ||    36

Table legend: (Time is in decaauts)
 A = Elapsed time spent in this place.
 B = Non-inter-level travel time spent in this place.
 C = Inter-level travel time spent in this place.
 D = Time resting spent in this place.
 E = Time spent auto-exploring this place.
 F = Levels seen in this place.
 G = Mean time per level.
                   A        B        C        D        E       F      G
               +--------+--------+--------+--------+--------+-----+--------+
         Total |    726 |    713 |     13 |      0 |    578 |   3 |  242.0 |
       Dungeon |    726 |    713 |     13 |      0 |    578 |   3 |  242.0 |
               +--------+--------+--------+--------+--------+-----+--------+

Top non-repeatable levels by time:
     D:2: 649 daAuts
     D:1: 56 daAuts
     D:3: 20 daAuts
